Map: Neon Violet Square LE

Players

IIIlllIIIllI

  • Race: Terran Terran
  • League: Master
  • Spawn Location: 5:00

NORTHAMERICA - Winner!

  • Race: Protoss Protoss
  • League: Grandmaster
  • Spawn Location: 11:00

VOD

Have the link to the VOD?

Description

Time

  • Played on: Jan. 7, 2018, 11:21 p.m.
  • Length: 14:23
Show
View Real Time Build Order
Export as new Build Order

IIIlllIIIllI Terran 

Build Orders: Reaper Expand, MMM Bio 

Get SALT Encoding   

  12  0:00  SCV  
  13  0:12  SCV  
  14  0:18  Supply Depot  
  14  0:25  SCV  
  15  0:39  SCV  
  15  0:40  Barracks  
  16  0:44  Refinery  
  16  0:51  SCV  
  17  1:03  SCV  
  18  1:16  SCV  
  19  1:27  Reaper  
  19  1:28  Orbital Command  
  20  1:43  Command Center  
  20  1:51  Supply Depot  
  20  1:54  SCV  
  21  2:06  SCV  
  21  2:07  Barracks Reactor  
  22  2:18  SCV  
  23  2:30  SCV  
  23  2:32  Command Center  
  24  2:44  Marine x2  
  24  2:48  Bunker  
  24  2:49  SCV  
  27  2:54  Orbital Command  
  27  3:01  SCV  
  27  3:04  Marine  
  27  3:05  Marine  
  30  3:13  SCV  
  31  3:20  SCV  
  31  3:22  Marine x2  
  31  3:25  SCV  
  31  3:26  Barracks  
  35  3:28  Barracks  
  35  3:32  SCV  
  36  3:37  SCV  
  37  3:43  Orbital Command  
  37  3:44  SCV  
  38  3:49  SCV  
  38  3:52  Engineering Bay  
  39  3:56  SCV, Marine x2  
  39  4:01  SCV  
  43  4:05  Refinery  
  43  4:07  Refinery  
  43  4:08  SCV  
  44  4:11  SCV  
  44  4:13  SCV  
  44  4:15  Barracks Tech Lab  
  44  4:16  Barracks Tech Lab  
  46  4:19  Terran Infantry Weapons Level 1  
  46  4:21  SCV  
  46  4:22  Missile Turret  
  46  4:23  SCV  
  48  4:26  SCV  
  49  4:33  SCV  
  49  4:34  Combat Shields  
  49  4:35  Stimpack, SCV  
  51  4:39  Factory  
  51  4:40  SCV  
  51  4:45  SCV  
  53  4:46  Supply Depot  
  53  4:47  SCV  
  53  4:48  Marauder x2  
  53  4:49  Marine x2  
  53  4:52  SCV  
  61  5:02  Barracks  
  61  5:03  Supply Depot  
  61  5:04  Barracks, Supply Depot  
  61  5:08  SCV x3  
  61  5:10  Refinery  
  61  5:13  Supply Depot  
  64  5:15  Marauder  
  64  5:17  Marauder  
  64  5:18  Marine  
  69  5:23  Factory Reactor  
  69  5:24  SCV x3, Marine  
  69  5:26  Starport  
  72  5:36  SCV x3, Marine  
  72  5:40  Supply Depot  
  76  5:46  Refinery  
  76  5:47  Refinery  
  76  5:48  SCV x2  
  76  5:49  SCV  
  79  5:53  Barracks Tech Lab, Barracks Reactor  
  79  5:56  Concussive Shells  
  79  6:01  SCV x3  
  82  6:08  Medivac x2  
  82  6:09  Factory Reactor  
  86  6:13  SCV x3, Marine  
  86  6:14  Marauder x2, Marine  
  86  6:15  Barracks, Terran Infantry Armor Level 1  
  86  6:16  Barracks  
  95  6:23  Supply Depot x2  
  95  6:25  SCV x3  
  98  6:27  Supply Depot  
  98  6:29  Marauder, Marine  
  101  6:33  Ghost Academy  
  101  6:41  Supply Depot  
  101  6:44  Supply Depot  
  101  6:45  Medivac x2, SCV, Marauder  
  101  6:46  Widow Mine x2  
  112  6:48  Marauder  
  112  6:49  Marine  
  115  6:54  Supply Depot  
  115  6:55  Supply Depot  
  115  6:56  SCV  
  115  6:57  Liberator x2  
  116  7:02  Moebius Reactor  
  116  7:04  Marine  
  116  7:05  Marine  
  116  7:06  Barracks Tech Lab, Barracks Reactor  
  116  7:08  Widow Mine x2  
  124  7:09  SCV  
  131  7:20  Supply Depot  
  131  7:22  Supply Depot  
  131  7:24  Ghost  
  131  7:26  Marauder  
  131  7:27  Marauder x2  
  131  7:29  Widow Mine x2  
  141  7:36  Missile Turret  
  141  7:39  Missile Turret x2  
  141  7:42  Liberator x2  
  141  7:44  Marine x2  
  141  7:45  Missile Turret, SCV  
  141  7:47  Missile Turret x2  
  141  7:48  Marauder x2  
  148  7:52  Widow Mine  
  148  7:53  Widow Mine  
  152  8:02  Ghost  
  152  8:05  Ghost  
  162  8:09  Ghost  
  164  8:18  Marauder, Marine  
  164  8:19  Widow Mine  
  171  8:20  Widow Mine  
  171  8:24  Liberator  
  171  8:25  Liberator  
  171  8:30  Supply Depot  
  171  8:31  Marauder  
  171  8:32  Supply Depot  
  173  8:38  Marauder x2, Marine x3  
  173  8:39  Marine  
  173  8:40  Marauder  
  189  8:55  Marauder, Marine  
  192  8:59  Marauder  
  192  9:00  Marauder  
  192  9:01  Marauder  
  198  9:07  Marine  
  199  9:18  Armory  
  199  9:20  Engineering Bay  
  199  9:22  Starport  
  199  9:28  Command Center  
  190  10:19  Marauder, Marine x3  
  190  10:20  Marauder x3, Marine x2  
  162  10:41  Marauder  
  127  10:47  Marine  
  127  10:48  Marauder x3, Marine x5  
  118  10:50  Terran Infantry Armor Level 2, Terran Infantry Weapons Level 2  
  118  10:51  Terran Vehicle Weapons Level 1  
  114  10:57  Medivac x2, Starport Tech Lab, Widow Mine x2  
  114  10:58  Planetary Fortress  
  114  11:00  Missile Turret  
  114  11:02  Marauder  
  114  11:05  Marine x2  
  114  11:06  Marine x2  
  114  11:09  Marauder  
  114  11:10  Marauder x2  
  124  11:11  Refinery  
  124  11:12  Fusion Core  
  124  11:13  Liberator, Refinery  
  124  11:14  Liberator x2  
  124  11:16  Marine x2  
  122  11:18  Widow Mine  
  122  11:23  Marine x2  
  122  11:24  Marauder, Marine  
  127  11:31  Marauder  
  142  11:34  SCV x3  
  141  11:47  Ghost x3  
  141  11:52  Marauder  
  149  11:55  SCV x2  
  149  11:56  Liberator x2  
  151  12:02  Marine x3  
  151  12:03  Advanced Ballistics  
  151  12:08  SCV  
  155  12:10  Widow Mine x2  
  155  12:14  Marauder  
  167  12:16  Marauder x3, Marine x2  
  167  12:19  Liberator  
  175  12:35  Ghost  
  180  12:39  Liberator x2  
  180  12:51  Marine x3  
  180  12:52  Marauder, Command Center  
  173  13:18  Marauder, Marine x4  
  173  13:19  Marauder x2  
  176  13:22  Liberator x2  
  158  13:40  Marine x4  
  158  13:41  Marauder x3  
  118  13:52  Marine x2  
  118  13:53  Marauder  
  121  13:55  SCV  
  121  13:58  Marine x4  
Show
View Real Time Build Order
Export as new Build Order

NORTHAMERICA Protoss - Winner!

Build Orders: 1 Gate Expand, Blink Stalkers, Colossus Rush 

Get SALT Encoding   

  12  0:01  Probe  
  13  0:13  Probe  
  14  0:18  Pylon  
  14  0:25  Probe  
  15  0:37  Gateway  
  15  0:38  Probe (Chrono Boost)  
  16  0:48  Probe (Chrono Boost), Assimilator  
  17  0:53  Probe (Chrono Boost)  
  18  1:04  Probe  
  19  1:23  Nexus  
  19  1:33  Cybernetics Core  
  19  1:36  Probe (Chrono Boost)  
  20  1:45  Probe (Chrono Boost)  
  20  1:46  Assimilator  
  21  1:50  Probe (Chrono Boost)  
  22  2:02  Pylon, Probe  
  23  2:11  Warp Gate (Chrono Boost)  
  23  2:18  Stalker (Chrono Boost)  
  23  2:20  Probe  
  26  2:34  Twilight Council, Probe (Chrono Boost)  
  26  2:35  Probe (Chrono Boost)  
  28  2:46  Probe (Chrono Boost)  
  28  2:49  Probe (Chrono Boost), Stalker  
  32  2:51  Probe (Chrono Boost)  
  32  2:57  Probe  
  34  3:01  Probe  
  35  3:09  Probe (Chrono Boost)  
  35  3:11  Shield Battery  
  36  3:16  Probe (Chrono Boost)  
  37  3:21  Probe (Chrono Boost)  
  37  3:23  Gateway x2  
  39  3:29  Probe x2 (Chrono Boost)  
  40  3:35  Blink (Chrono Boost)  
  40  3:37  Probe x2  
  42  3:45  Pylon  
  42  3:47  Sentry  
  44  3:49  Probe x2  
  46  3:56  Robotics Facility  
  46  4:03  Probe  
  46  4:05  Pylon  
  46  4:08  Assimilator  
  47  4:12  Assimilator  
  47  4:18  Probe  
  47  4:21  Stalker x2  
  52  4:26  Probe  
  52  4:28  Pylon  
  53  4:31  Gateway  
  53  4:34  Gateway  
  53  4:38  Probe  
  54  4:39  Probe  
  54  4:43  Pylon  
  55  4:46  Observer (Chrono Boost)  
  56  4:56  Probe, Zealot  
  56  4:57  Robotics Bay, Zealot  
  61  5:03  Probe  
  62  5:08  Probe  
  63  5:17  Nexus  
  63  5:19  Pylon  
  63  5:23  Probe  
  64  5:33  Probe  
  64  5:35  Probe  
  66  5:37  Pylon  
  66  5:40  Colossus (Chrono Boost)  
  66  5:45  Sentry, Probe, Extended Thermal Lance  
  66  5:47  Probe  
  76  5:57  Probe  
  76  5:58  Forge  
  76  5:59  Probe  
  76  6:00  Forge  
  76  6:03  Zealot  
  80  6:09  Probe  
  80  6:11  Probe, Charge  
  82  6:22  Probe  
  83  6:26  Probe  
  83  6:27  Colossus  
  83  6:32  Protoss Ground Armor Level 1 (Chrono Boost)  
  90  6:37  Gateway  
  90  6:38  Probe  
  90  6:39  Gateway  
  91  6:40  Pylon  
  91  6:41  Protoss Ground Weapons Level 1 (Chrono Boost), Probe  
  91  6:44  Stalker x2  
  96  6:48  Zealot  
  96  6:51  Probe  
  99  6:57  Pylon  
  99  7:00  Probe  
  100  7:03  Pylon  
  100  7:04  Stalker x2  
  104  7:13  Assimilator  
  104  7:14  Probe  
  105  7:15  Probe  
  105  7:17  Assimilator  
  105  7:20  Colossus  
  112  7:25  Templar Archives  
  112  7:29  Shield Battery  
  112  7:31  Zealot x2, Stalker x2  
  112  7:32  Zealot  
  122  7:39  Probe  
  122  7:40  Zealot  
  122  7:42  Zealot  
  127  7:49  Photon Cannon  
  127  7:50  Shield Battery  
  127  8:03  Psionic Storm  
  127  8:05  Nexus  
  127  8:06  Pylon, High Templar  
  127  8:07  High Templar x2  
  133  8:22  Protoss Ground Armor Level 2 (Chrono Boost)  
  133  8:24  Probe  
  134  8:29  Protoss Ground Weapons Level 2 (Chrono Boost)  
  134  8:30  Photon Cannon  
  134  8:32  Immortal, Photon Cannon  
  138  8:34  Shield Battery  
  138  8:36  Pylon  
  138  8:39  Photon Cannon  
  138  8:40  Shield Battery  
  138  8:46  Stargate  
  138  8:48  High Templar  
  138  8:56  Pylon  
  138  8:58  Pylon  
  138  8:59  Pylon  
  138  9:01  Zealot  
  140  9:06  Assimilator  
  140  9:08  Stalker  
  140  9:09  Stalker x3  
  148  9:12  Assimilator  
  148  9:16  Immortal  
  152  9:18  Probe  
  151  9:25  Probe  
  151  9:30  Stalker x3  
  158  9:34  Stalker x2  
  160  9:49  Probe  
  160  9:51  Probe  
  162  9:57  Stalker x6  
  162  9:58  Stalker  
  172  10:15  Gateway x2  
  172  10:20  High Templar x2  
  168  10:21  Zealot x2  
  168  10:22  Gateway, Zealot x2  
  176  10:34  Archon  
  158  10:35  Zealot  
  134  10:42  Zealot  
  134  10:43  Zealot x3  
  134  10:45  Colossus (Chrono Boost)  
  134  10:46  Protoss Ground Armor Level 3 (Chrono Boost)  
  144  10:55  Probe  
  143  11:01  High Templar x3  
  149  11:06  Protoss Ground Weapons Level 3 (Chrono Boost)  
  149  11:07  Probe  
  150  11:18  High Templar x4  
  154  11:19  Zealot x2  
  162  11:29  Archon x2  
  162  11:31  Warp Prism (Chrono Boost)  
  162  11:38  High Templar x4  
  172  11:40  Zealot x2  
  172  11:44  Archon x2  
  176  11:48  Probe  
  177  11:55  Nexus  
  177  11:57  Pylon  
  177  11:58  Pylon  
  176  12:01  Warp Prism (Chrono Boost)  
  176  12:02  Fleet Beacon  
  176  12:04  Stargate, Stalker  
  176  12:05  Stalker x2  
  184  12:15  Stalker x2  
  184  12:16  Stalker x2  
  184  12:20  Stalker  
  194  12:31  Zealot x3  
  192  13:02  Probe  
  185  13:06  Stargate  
  185  13:12  Zealot x4  
  187  13:13  Zealot x5  
  187  13:19  Warp Prism  
  191  13:40  Archon  
  191  13:41  Archon  
  155  13:44  Probe  
  155  13:46  Probe  
  139  13:50  Stalker x5  
  139  13:51  Stalker x5  
  154  14:04  Probe  
  151  14:10  Probe  
Tags
 
Add a new tag
Caveats
  • Supply blocks, unpowered buildings, or Contaminate may cause inaccurate times.
  • Supply counts are checked every 10 seconds.